 Dungeon Crawl Stone Soup version 0.22.1-1-ga44c0e5 (webtiles) character file.

2413 brandon the Destroyer (level 9, -4/47 HPs)
             Began as a Deep Elf Fire Elementalist on Oct 8, 2018.
             Was a Follower of Vehumet.
             Slain by a hornet (7 damage)
             ... on level 8 of the Dungeon.
             The game lasted 00:23:05 (8002 turns).

brandon the Destroyer (Deep Elf Fire Elementalist)  Turns: 8002, Time: 00:23:06

Health: -4/47      AC:  3    Str:  5    XL:     9   Next: 23%
Magic:  8/22       EV: 13    Int: 24    God:    Vehumet [*.....]
Gold:   315        SH:  5    Dex: 15    Spells: 3/23 levels left

rFire    . . .     SeeInvis .   y - +2 short sword (drain)
rCold    . . .     Gourm    .   l - +0 buckler
rNeg     . . .     Faith    .   a - +0 robe
rPois    .         Spirit   .   (no helmet)
rElec    .         Reflect  .   (no cloak)
rCorr    .         Harm     .   o - +0 pair of gloves
MR       .....                  (no boots)
Stlth    ++........             g - amulet of magic regeneration
HPRegen  0.15/turn              (no ring)
MPRegen  0.43/turn              m - ring of flight

@: lethally poisoned (-4 -> -18), very slightly contaminated, slowed, very slow
A: no striking features
a: Renounce Religion, Evoke Flight


You were on level 8 of the Dungeon.
You worshipped Vehumet.
Vehumet was aware of your devotion.
You were not hungry.

You visited 2 branches of the dungeon, and saw 9 of its levels.
You also visited: Ossuary.

You collected 315 gold pieces.

Inventory:

Hand Weapons
 y - a +2 short sword of draining (weapon)
Armour
 a - a +0 robe (worn)
 l - a +0 buckler (worn)
 o - a +0 pair of gloves (worn)
Jewellery
 g - an amulet of magic regeneration (around neck)
 m - a ring of flight (right hand)
Wands
 s - a wand of flame (11)
Scrolls
 d - a scroll of amnesia
 f - 4 scrolls of remove curse
 n - a scroll of noise {unknown}
 q - a scroll of enchant weapon {unknown}
 r - 4 scrolls of teleportation
 u - a scroll of identify
Potions
 b - 7 potions of heal wounds
 e - 2 potions of haste {unknown}
 h - 6 potions of curing
 i - a potion of flight {unknown}
 j - a potion of magic {unknown}
 k - a potion of cancellation {unknown}
 p - 2 potions of degeneration {unknown}
 t - 3 potions of ambrosia
 v - 2 potions of agility {unknown}
Comestibles
 c - 12 rations


   Skills:
 - Level 1.4 Fighting
 - Level 2.4 Dodging
 - Level 2.4 Stealth
 - Level 4.0 Shields
 + Level 7.6 Spellcasting
 + Level 8.2 Conjurations
 * Level 3.6 Necromancy
 + Level 6.7 Fire Magic


You had 3 spell levels left.
You knew the following spells:

 Your Spells              Type           Power        Failure   Level  Hunger
a - Flame Tongue          Conj/Fire      #####        1%          1    None
b - Throw Flame           Conj/Fire      #####.       1%          2    None
c - Conjure Flame         Conj/Fire      #####...     1%          3    None
d - Sticky Flame          Conj/Fire      #####...     3%          4    ###....
e - Fireball              Conj/Fire      #####.....   9%          5    #####..
f - Animate Dead          Necr           N/A          16%         4    ###....
g - Magic Dart            Conj           ####         1%          1    None

Your spell library contained the following spells:

 Spells                   Type           Power        Failure   Level  Hunger
 Animate Skeleton         Necr           N/A          1%          1    None
 Pain                     Necr           ####         1%          1    None
 Dazzling Spray           Conj/Hex       ####..       3%          3    None
 Stone Arrow              Conj/Erth      ####..       3%          3    None
 Inner Flame              Hex/Fire       ####....     4%          3    None
 Vampiric Draining        Necr           ####......   4%          3    None
 Corona                   Hex            #......      7%          1    None
 Infusion                 Chrm           #...         7%          1    None
 Sandblast                Erth           #.....       7%          1    None
 Ensorcelled Hibernation  Hex/Ice        #.....       10%         2    None
 Passwall                 Tmut/Erth      #.......     10%         2    None
 Shroud of Golubria       Chrm/Tloc      #.........   10%         2    None
 Song of Slaying          Chrm           #.......     10%         2    None
 Regeneration             Chrm/Necr      ###.......   10%         3    None
 Confuse                  Hex            #.......     21%         3    None
 Spectral Weapon          Hex/Chrm       #.......     21%         3    None
 Tukima's Dance           Hex            #.......     21%         3    None
 Petrify                  Tmut/Erth      #.......     54%         4    ###....
 Lee's Rapid Deconstruct  Erth           #.........   88%         5    #####..


Dungeon Overview and Level Annotations

Branches:
Dungeon (8/15)             Temple (1/1) D:6
   Lair: D:8-11

Altars:
Ashenzari
Cheibriados
Dithmenos
Elyvilon
Fedhas
Gozag
Makhleb
Nemelex Xobeh
Okawaru
Qazlal
Ru
Sif Muna
Trog
Uskayaw
Vehumet
Wu Jian
Xom
Yredelemnul
Zin
The Shining One

Annotations:
D:4 Sigmund
D:5 2 transporters


Message History

Press: ? - help, Shift-Dir - straight line, f/p - hornet
Aim: a hornet (moderately wounded, covered in liquid flames)
The sticky flame hits the hornet.
The hornet is heavily wounded.
The hornet is covered in liquid flames!
The hornet burns! x2
A hornet comes into view.
The hornet stings you!
* * * LOW HITPOINT WARNING * * *
You are poisoned.
You feel as though you will be slow longer.
The hornet barely misses you.
You feel sick.
The hornet burns!
The hornet stings you!
* * * LOW HITPOINT WARNING * * *
You are more poisoned.
You feel as though you will be slow longer.
The hornet stings you!
* * * LOW HITPOINT WARNING * * *
You feel as though you will be slow longer.
You block the hornet's attack. The hornet stings you!
You die...

#<.# ...##
.... ... .
.. ...
.####
#...##y..#
#....y@..#
##.###...#
##.## .#
.# ?# ..
.#


You could see 2 hornets.

Vanquished Creatures
  Prince Ribbit (D:5)
  A hungry ghost (D:6)
  2 sky beasts (D:6)
  An orc warrior (D:7)
  A centaur (D:7)
  A big kobold (D:7)
  3 bullfrogs
  5 water moccasin zombies (Ossuary)
  A scorpion (D:5)
  6 electric eels (D:5)
  A crimson imp (D:6)
  A hound (D:6)
  A bullfrog skeleton (D:5)
  7 orc wizards
  A worker ant (D:7)
  3 iguanas
  3 big kobold zombies (Ossuary)
  2 hound zombies (D:5)
  3 hound skeletons
  2 mummies (Ossuary)
  A worker ant zombie (D:5)
  7 gnolls
  13 adders
  2 shadow imps
  6 adder zombies
  3 worms
  3 dart slugs
  7 leopard geckos
  18 orcs
  3 giant cockroaches
  6 goblins
  4 hobgoblins
  10 jackals
  16 kobolds
  2 quokkas
  A ball python (D:2)
  A ball python skeleton (D:6)
  6 bats
  3 frilled lizards
  3 gnoll zombies (Ossuary)
  3 hobgoblin zombies (Ossuary)
  2 kobold zombies (Ossuary)
  A leopard gecko skeleton (D:6)
  4 orc zombies (Ossuary)
  9 rats
  2 plants (D:5)
182 creatures vanquished.

Notes
Turn   | Place    | Note
-------+----------+-------------------------------------------
     0 | D:1      | brandon the Deep Elf Fire Elementalist began the quest for
                  | the Orb.
     0 | D:1      | Reached XP level 1. HP: 10/10 MP: 6/6
   182 | D:1      | Reached XP level 2. HP: 13/16 MP: 2/8
   186 | D:1      | Learned a level 2 spell: Throw Flame
   780 | D:2      | Reached skill level 2 in Conjurations
   842 | D:2      | Reached XP level 3. HP: 10/20 MP: 2/9
   847 | D:2      | Learned a level 3 spell: Conjure Flame
  1310 | D:2      | Reached skill level 1 in Fighting
  1699 | D:2      | Reached XP level 4. HP: 25/25 MP: 9/11
  1801 | D:2      | Learned a level 4 spell: Sticky Flame
  1929 | D:3      | Reached skill level 3 in Conjurations
  2233 | D:3      | Found an iron altar of Okawaru.
  2345 | D:3      | Reached XP level 5. HP: 26/29 MP: 10/13
  2979 | D:4      | Found a shadowy altar of Dithmenos.
  3152 | D:4      | Reached skill level 4 in Conjurations
  3349 | D:4      | Noticed Sigmund
  4099 | D:5      | Entered Level 5 of the Dungeon
  4107 | D:5      | Reached skill level 1 in Shields
  4107 | D:5      | Reached XP level 6. HP: 34/34 MP: 8/14
  4231 | D:5      | Found a transporter.
  4267 | D:5      | Found a burning altar of Makhleb.
  4573 | D:5      | Reached skill level 5 in Spellcasting
  4573 | D:5      | Reached skill level 5 in Conjurations
  4608 | D:5      | Learned a level 5 spell: Fireball
  4965 | D:5      | Reached XP level 7. HP: 29/38 MP: 10/16
  4988 | D:5      | Reached skill level 5 in Fire Magic
  5261 | D:5      | Noticed Prince Ribbit
  5267 | D:5      | Killed Prince Ribbit
  5267 | D:5      | Reached skill level 6 in Conjurations
  5386 | D:5      | Found an ornate altar of the Wu Jian Council.
  5386 | D:5      | Found a bloodstained altar of Trog.
  5400 | D:5      | Found a transporter.
  5888 | D:6      | Found a sand-covered staircase.
  5900 | D:6      | Reached XP level 8. HP: 43/43 MP: 5/19
  5901 | Ossuary  | Entered an ossuary
  6201 | Ossuary  | Reached skill level 7 in Conjurations
  6804 | D:6      | Found a staircase to the Ecumenical Temple.
  6824 | Temple   | Entered the Ecumenical Temple
  6866 | Temple   | Became a worshipper of Vehumet
  6946 | D:6      | Learned a level 4 spell: Animate Dead
  6978 | D:6      | Found a shattered altar of Ashenzari.
  6982 | D:6      | Saw a vision of the Shoals and the Snake Pit.
  6982 | D:6      | Noticed a naga mage
  6982 | D:6      | Noticed a shock serpent
  6982 | D:6      | Noticed a hippogriff
  6982 | D:6      | Noticed a naga mage
  6982 | D:6      | Noticed a naga mage
  6982 | D:6      | Noticed a guardian serpent
  6983 | D:6      | Noticed a merfolk
  6985 | D:6      | Noticed a merfolk
  7125 | D:6      | Reached skill level 1 in Necromancy
  7257 | D:7      | Reached XP level 9. HP: 38/47 MP: 16/21
  7265 | D:7      | Reached skill level 8 in Conjurations
  7358 | D:7      | Reached * piety under Vehumet
  7358 | D:7      | Offered knowledge of Magic Dart by Vehumet.
  7862 | D:7      | Learned a level 1 spell: Magic Dart
  8002 | D:8      | Slain by a hornet

Skill      XL: |  1  2  3  4  5  6  7  8  9 |
---------------+----------------------------+-----
Conjurations   | 2 3 4 5 6 7 8 |  8.2
Fighting       | 1 |  1.4
Spellcasting   | 4 5 6 7 |  7.6
Fire Magic     | 4 5 6 |  6.7
Shields        | 1 2 3 4 |  4.0
Necromancy     | 2 3 |  3.6
Dodging        | |  2.4
Stealth        | |  2.4

Action                   |  1- 3 |  4- 6 |  7- 9 || total
-------------------------+-------+-------+-------++-------
Melee: Short sword       |     5 |     8 |     3 ||    16
       Hand axe          |       |     4 |    60 ||    64
 Cast: Flame Tongue      |    64 |   104 |   110 ||   278
       Throw Flame       |       |    21 |    19 ||    40
       Fireball          |       |     2 |     7 ||     9
       Sticky Flame      |       |     1 |    30 ||    31
       Conjure Flame     |       |       |     6 ||     6
  Use: Scroll            |       |     5 |     3 ||     8
  Eat: Chunk             |     2 |    10 |     9 ||    21
       Ration            |       |       |     2 ||     2
Armor: Robe              |     9 |    11 |    14 ||    34
Dodge: Dodged            |    21 |    32 |    42 ||    95
Block: Buckler           |       |     9 |    25 ||    34
